 Dungeon Crawl Stone Soup version 0.17-a0-2231-gd80ca38 (webtiles) character file.

45 Gingerlord the Insei (level 3, -2/20 HPs)
             Began as a Vine Stalker Monk on Nov 2, 2015.
             Slain by a hobgoblin
             ... wielding a +0 club
              (3 damage)
             ... on level 2 of the Dungeon.
             The game lasted 00:02:33 (907 turns).

Gingerlord the Insei (Vine Stalker Monk)             Turns: 907, Time: 00:02:33

Health: -2/20      AC:  2    Str: 16    XL:     3   Next: 64%
Magic:  0/4        EV: 13    Int: 11    God:
Gold:   168        SH:  0    Dex: 16    Spells: 0 memorised, 2 levels left

rFire  . . .     SeeInvis .       - Unarmed
rCold  . . .     Clarity  .     a - +0 robe
rNeg   . . .     SustAt   .     (no shield)
rPois  .         Gourm    .     (no helmet)
rElec  .         Spirit   +     (no cloak)
rCorr  .         Warding  .     (no gloves)
rMut   .         Stasis   .     (no boots)
MR     .....                    (no amulet)
Stlth  ++........               (no ring)
                                j - +3 ring of strength

@: not resistant to hostile enchantments, unstealthy
A: fangs 2, regeneration 1, magic shield, antimagic bite, no device heal 3, rot
immunity
a: no special abilities


You were on level 2 of the Dungeon.
You were not hungry.

You visited 1 branch of the dungeon, and saw 2 of its levels.

You collected 168 gold pieces.

Inventory:

Armour
 a - a +0 robe (worn)
Jewellery
 j - a +3 ring of strength (left hand)
 n - an uncursed ring of invisibility {unknown}
Scrolls
 e - 2 scrolls of identify
 g - a scroll of magic mapping {unknown}
 i - 2 scrolls of amnesia {unknown}
 k - 2 scrolls of immolation {unknown}
 m - a scroll of enchant weapon {unknown}
Potions
 c - a potion of magic {unknown}
 f - 2 potions of flight {unknown}
 l - a potion of degeneration {unknown}
Comestibles
 b - a bread ration
 d - 4 beef jerkies
 h - 3 meat rations


   Skills:
 + Level 3.2 Fighting
 + Level 0.2 Armour
 + Level 2.7 Dodging
 - Level 2.4 Stealth
 + Level 4.4 Unarmed Combat


You had 2 spell levels left.
You didn't know any spells.

Dungeon Overview and Level Annotations

Branches:
Dungeon (2/15)

Altars:


Innate Abilities, Weirdness & Mutations

You have extremely sharp teeth.
Your natural rate of healing is unusually fast.
When hurt, damage is shared between your health and your magic reserves.
Your bite disrupts and absorbs the magic of your enemies.
Potions and wands cannot restore your health.
You are immune to rotting.


Message History

You hit the adder.
You kill the adder!
* * * LOW HITPOINT WARNING * * *
You feel sick. The bat closely misses you. The kobold barely misses you.
You hit the kobold. Your bite misses the kobold.
The kobold is severely wounded.
The bat closely misses you. The kobold misses you.
You completely miss the kobold. Your bite misses the kobold.
The kobold is severely wounded.
The bat completely misses you. The kobold barely misses you.
The bat misses you.
You hit the kobold.
You kill the kobold!
The bat closely misses you.
You barely miss the hobgoblin.
* * * LOW HITPOINT WARNING * * *
You feel sick.
You are no longer poisoned.
The bat hits you but does no damage. The hobgoblin hits you with a club.
You die...

..... ... ## # #####...#
.... ... ....#...###....
###. #.#
....................... #..
.......................##..
...........................
...... #..b.......(........
......##.†@g..#####.##.#..#
...........#...............
#.........................#
#......(.........##........
#.....)....................
#.....................#....
#....$......>.........+....
##......#..........†..#....
##.....####'#+##.....##...


You could see a hobgoblin and a bat.

Vanquished Creatures
  An adder (D:2)
  A ball python (D:1)
  3 bats
  A giant cockroach (D:1)
  5 hobgoblins
  4 jackals (D:2)
  6 goblins
  7 kobolds
  2 rats
30 creatures vanquished.

Notes
Turn   | Place    | Note
--------------------------------------------------------------
     0 | D:1      | Gingerlord the Vine Stalker Monk began the quest for the Orb.
     0 | D:1      | Reached XP level 1. HP: 11/11 MP: 2/2
   143 | D:1      | Reached XP level 2. HP: 4/16 MP: 1/3
   656 | D:2      | Reached XP level 3. HP: 17/20 MP: 4/4
   902 | D:2      | HP: 1/20 [adder (1)]
   907 | D:2      | HP: 1/20 [poisoned by an adder]
   907 | D:2      | Slain by a hobgoblin

Vault maps used:
D:1:      dpeg_arrival_simpleton_c, serial_bayou_crossing
D:2:      kennysheep_generic_room_15

Action                   || total
-------------------------++-------
Melee: Unarmed           ||   117
  Use: Scroll            ||     2
 Stab: Sleeping          ||     1
